 Dungeon Crawl Stone Soup version 0.28-a0-1429-gf3d713df7a (webtiles) character file.

Game seed: 14418638779825418737

7 zap2161 the Slasher (level 2, 3/24 HPs)
             Began as a Human Cinder Acolyte on Jan 8, 2022.
             Was a High Priest of Ignis.
             Quit the game on level 1 of the Dungeon.
             The game lasted 00:04:26 (177 turns).

zap2161 the Slasher (Human Cinder Acolyte)           Turns: 177, Time: 00:04:27

Health: 3/24       AC:  2    Str: 14    XL:     2   Next: 10%
Magic:  3/3        EV: 11    Int: 14    God:    Ignis [*****.]
Gold:   18         SH:  0    Dex:  8    Spells: 3/3 levels left

rFire   + . .      SeeInvis .   a - -1 falchion (flame)
rCold   . . .      Faith    .   (no shield)
rNeg    . . .      Spirit   .   b - +0 robe
rPois   .          Reflect  .   (no helmet)
rElec   .          Harm     .   (no cloak)
rCorr   .          Rampage  .   (no gloves)
Will    .....                   (no boots)
Stlth   +.........              (no amulet)
HPRegen 0.08/turn               (no ring)
MPRegen 0.08/turn               (no ring)

@: brilliant, lethally poisoned (3 -> -3)
A: no striking features
a: Renounce Religion, Fiery Armour, Foxfire Swarm, Rising Flame


You were on level 1 of the Dungeon.
You worshipped Ignis.
Ignis was extremely pleased with you.
You visited 1 branch of the dungeon, and saw 1 of its levels.

You collected 18 gold pieces.

Inventory:

Hand Weapons
 a - a -1 falchion of flaming (weapon)
Armour
 b - a +0 robe (worn)
Scrolls
 d - a scroll of teleportation {unknown}
 e - a scroll of identify {unknown}


   Skills:
 * Level 3.0 Fighting
 * Level 3.2 Long Blades
 * Level 0.4 Dodging
 * Level 1.2 Spellcasting
 - Level 3.0 Fire Magic


You had 3 spell levels left.
You didn't know any spells.
Your spell library contained the following spells:

 Spells                   Type           Power      Damage    Failure   Level
 Scorch                   Fire           26%        2d6       12%         2
 Portal Projectile        Hex/Tloc       2%         N/A       61%         3
 Blade Hands              Tmut           0%         N/A       100%        5
 Excruciating Wounds      Necr           0%         N/A       100%        5


Dungeon Overview and Level Annotations

Branches:
Dungeon (1/15)

Altars:


Message History

The frilled lizard bites you but does no damage.
You slash the frilled lizard! You burn the frilled lizard.
You kill the frilled lizard!
You have reached level 2!
A hobgoblin comes into view.
The hobgoblin shouts!
The hobgoblin barely misses you.
You barely miss the hobgoblin. The hobgoblin hits you.
You hit the hobgoblin. You burn the hobgoblin.
The hobgoblin is almost dead.
The hobgoblin barely misses you.
You barely miss the hobgoblin.
The hobgoblin is almost dead.
The hobgoblin misses you.
You closely miss the hobgoblin.
The hobgoblin is almost dead.
The hobgoblin hits you but does no damage.
You barely miss the hobgoblin.
The hobgoblin is almost dead.
The hobgoblin hits you.
You hit the hobgoblin. You burn the hobgoblin.
You kill the hobgoblin!
You see here a hobgoblin corpse.
Found 17 bolts.
You see here 17 bolts.
You see here a frilled lizard corpse.
A gnoll comes into view. It is wielding a +2 flail of venom.
It was a potion of brilliance.
You feel clever all of a sudden.
Memorise Scorch, consuming 2 spell levels and leaving 1?
You start memorising the spell.
You continue memorising.
The gnoll hits you with a +2 flail of venom!
Your memorisation is interrupted.
* * * LOW HITPOINT WARNING * * *
You are lethally poisoned!
You don't know any spells.
You don't know any spells.
Unknown command.
Unknown command.
Are you sure you want to abandon this character and quit the game? (Confirm with "yes".)

###############
#.......(.....#
###.###########.#
..#.#......# #.#
###.#.#.####.# #.#
#.@.#......#†####.#
#g#.###†##.#......#
...#.....##.########
###.########.# #.
#.######## #.
#.#......# ##
#.####.#...8...
#>........_....
#...#.##...8...


You could see a gnoll.

Vanquished Creatures
  A bat (D:1)
  A giant cockroach (D:1)
  3 hobgoblins (D:1)
  A frilled lizard (D:1)
6 creatures vanquished.

Notes
Turn   | Place    | Note
-------+----------+-------------------------------------------
     0 | D:1      | zap2161 the Human Cinder Acolyte began the quest for the
                  | Orb.
     0 | D:1      | Reached XP level 1. HP: 18/18 MP: 2/2
     3 | D:1      | Noticed a demonspawn zombie
   104 | D:1      | Found a faded altar of an unknown god.
   128 | D:1      | Reached XP level 2. HP: 16/24 MP: 3/3
   177 | D:1      | Quit the game

Illustrated notes

Levels and vault maps discovered:
D:1:      shiori_arrival_whats_in_store_for_you, layout_basic,
          dreamdust_ecumenical_altar_statues, chequers_serial_rivers_large_a

Action                   || total
-------------------------++-------
Melee: Falchion          ||    27
  Use: Potion            ||     1
Armor: Robe              ||    19
Dodge: Dodged            ||    14

Table legend: (Time is in decaauts)
 A = Elapsed time spent in this place.
 B = Non-inter-level travel time spent in this place.
 C = Inter-level travel time spent in this place.
 D = Time resting spent in this place.
 E = Time spent auto-exploring this place.
 F = Levels seen in this place.
 G = Mean time per level.
                   A        B        C        D        E       F      G
               +--------+--------+--------+--------+--------+-----+--------+
         Total |    185 |    185 |      0 |      0 |      0 |   1 |  185.0 |
       Dungeon |    185 |    185 |      0 |      0 |      0 |   1 |  185.0 |
               +--------+--------+--------+--------+--------+-----+--------+

Top non-repeatable levels by time:
     D:1: 185 daAuts
